 Dungeon Crawl Stone Soup version 0.23.2-1-ga50397a6bc (webtiles) character file.

Game seed: 8584592166813910642

4655 Pixllover the Cleaver (level 10, 0/135 HPs)
             Began as a Minotaur Berserker on May 27, 2019.
             Was a High Priest of Trog.
             Slain by a six-headed hydra (9 damage)
             ... on level 9 of the Dungeon.
             The game lasted 00:23:46 (9336 turns).

Pixllover the Cleaver (Minotaur Berserker)          Turns: 9336, Time: 00:23:54

Health: 0/135      AC: 25    Str: 24    XL:     10   Next: 20%
Magic:  9/9        EV:  2    Int:  4    God:    Trog [*****.]
Gold:   410        SH:  8    Dex: 11    Spells: 9/9 levels left

rFire    . . .     SeeInvis +   y - +2 broad axe
rCold    . . .     Gourm    .   C - +2 buckler
rNeg     + + +     Faith    .   (armour currently unavailable)
rPois    +         Spirit   .   (helmet currently unavailable)
rElec    .         Reflect  +   (cloak currently unavailable)
rCorr    .         Harm     .   (gloves currently unavailable)
MR       .....     NoTele   +   (boots currently unavailable)
Stlth    ++........             u - +3 amulet of reflection
HPRegen  0.32/turn              l - +2 ring of evasion
MPRegen  0.11/turn              s - ring of see invisible

@: tree-form
A: (retaliatory headbutt)
a: Berserk, Trog's Hand, Brothers in Arms, Renounce Religion


You were on level 9 of the Dungeon.
You worshipped Trog.
Trog was extremely pleased with you.
You were not hungry.
You were a tree.
You visited 1 branch of the dungeon, and saw 9 of its levels.

You collected 540 gold pieces.
You spent 130 gold pieces at shops.

Inventory:

Hand Weapons
 a - a +0 mace
 i - a +1 mace of crushing
 o - a +0 war axe
 y - a +2 broad axe (weapon)
Missiles
 p - 15 poisoned needles
 r - 13 javelins (quivered)
Armour
 g - a +0 pair of gloves
 m - a +0 scale mail (melded)
 C - a +2 buckler (worn)
Jewellery
 k - an uncursed ring of protection from cold {unknown}
 l - a +2 ring of evasion (left branch)
 s - a ring of see invisible (right branch)
 u - a +3 amulet of reflection (around neck)
 w - an uncursed ring of fire {unknown}
 B - an uncursed ring of poison resistance {unknown}
Wands
 t - a wand of digging (11)
 D - a wand of iceblast (12)
Scrolls
 f - a scroll of teleportation
 h - 9 scrolls of identify
 j - 4 scrolls of enchant armour
 v - 3 scrolls of remove curse
 x - 2 scrolls of magic mapping
Potions
 b - a potion of degeneration {unknown}
 d - a potion of flight {unknown}
 e - a potion of brilliance {unknown}
 n - a potion of lignification
 q - a potion of might
 z - a potion of agility {unknown}
 A - a potion of ambrosia
Comestibles
 c - 17 rations


   Skills:
 + Level 8.6 Fighting
 + Level 11.0(11.4) Axes
 + Level 5.1(8.8) Maces & Flails
 + Level 0.1 Throwing
 + Level 8.6 Armour
 + Level 6.4 Dodging
 + Level 1.8 Stealth
 + Level 0.9 Shields


You had 9 spell levels left.
You didn't know any spells.
Your spell library was empty.

Dungeon Overview and Level Annotations

Branches:
Dungeon (9/15)             Temple (0/1) D:4
   Lair: D:8-11         Orc: D:9-12

Altars:
Cheibriados
Fedhas
Gozag
Hepliaklqana
Kikubaaqudgha
Sif Muna
Trog
Vehumet
Zin

Shops:
D:4 *   D:7 ?*(?


Innate Abilities, Weirdness & Mutations

((You reflexively headbutt those who attack you in melee.))
((You have a pair of horns on your head.))


Message History

The arrow hits you!
* * * LOW HITPOINT WARNING * * *
You see here an arrow.
The centaur shoots an arrow.
The arrow hits you but does no damage.
The centaur shoots an arrow.
You reflect the arrow off an invisible shield around you!
The arrow closely misses the centaur.
You see here an arrow.
The centaur shoots an arrow.
The arrow hits you.
* * * LOW HITPOINT WARNING * * *
You see here an arrow.
Really quaff the potion of lignification?
You turn into a tree.
Your +0 scale mail melds into your body.
Your roots penetrate the ground.
The centaur shoots an arrow.
You reflect the arrow off an invisible shield around you!
The arrow hits the centaur!
The six-headed hydra bites you but does no damage.
The six-headed hydra bites you!
You die...

##(# ......................
#...##..........)))......#.
#...c.)......##[[........#.
##.....[........).........#.
#.........W.#.#.#........... #
#........#...............#.
..##.......(..#.#.#.......#...
.........#..(.............#.#.
........###.D♣#.#.#...##.##...
..............................
..............................
..................###..##...#.
............................#.
....#.......#........#.#....>.
....#......##.....<...........
..###......##........#.#......
...#...#......................


You could see a six-headed hydra, a hungry ghost and a centaur.

Vanquished Creatures
  A two-headed ogre (D:9)
  A yak (D:6)
  Grum (D:8)
  A hungry ghost (D:7)
  An orc warrior (D:9)
  A sky beast (D:7)
  An ice beast (D:7)
  2 black bears
  A phantom (D:6)
  4 ogres
  3 wolves (D:8)
  4 centaurs
  5 bullfrogs
  A gnoll sergeant (D:7)
  A water moccasin zombie (D:7)
  2 scorpions
  10 killer bees
  3 howler monkeys (D:4)
  A quasit (D:8)
  4 hounds
  A jelly (D:5)
  3 orc priests
  2 iguanas
  6 orc wizards
  8 worker ants
  A howler monkey zombie (D:6)
  A worker ant zombie (D:7)
  9 gnolls
  A howler monkey skeleton (D:5)
  8 adders
  A shadow imp (D:7)
  An ooze (D:2)
  3 adder skeletons
  2 adder zombies
  5 worms
  3 leopard geckos (D:6)
  30 orcs
  8 giant cockroaches
  10 goblins
  10 hobgoblins
  21 jackals
  5 kobolds
  3 quokkas
  10 bats
  4 frilled lizards
  5 rats
209 creatures vanquished.

Notes
Turn   | Place    | Note
-------+----------+-------------------------------------------
     0 | D:1      | Pixllover the Minotaur Berserker began the quest for the
                  | Orb.
     0 | D:1      | Reached XP level 1. HP: 19/19 MP: 0/0
   230 | D:1      | Reached XP level 2. HP: 21/27 MP: 1/1
  1195 | D:2      | Reached XP level 3. HP: 19/33 MP: 2/2
  1318 | D:2      | Noticed a centaur
  1355 | D:2      | Reached ** piety under Trog
  1550 | D:2      | Reached XP level 4. HP: 34/41 MP: 3/3
  2503 | D:3      | Found a blossoming altar of Fedhas.
  2921 | D:3      | Reached *** piety under Trog
  2921 | D:3      | Reached skill level 5 in Maces & Flails
  2921 | D:3      | Reached XP level 5. HP: 26/47 MP: 4/4
  3172 | D:3      | Reached skill level 1 in Axes
  3181 | D:3      | Reached skill level 5 in Fighting
  3195 | D:3      | Reached skill level 2 in Axes
  3195 | D:3      | Reached XP level 6. HP: 56/56 MP: 5/5
  3716 | D:4      | Reached skill level 3 in Axes
  3726 | D:4      | Reached skill level 1 in Stealth
  3832 | D:4      | Reached XP level 7. HP: 53/61 MP: 6/6
  3871 | D:4      | Reached skill level 4 in Axes
  4140 | D:4      | Found a staircase to the Ecumenical Temple.
  4209 | D:4      | Found Ebofekop's Assorted Antiques.
  4231 | D:4      | Reached **** piety under Trog
  4336 | D:4      | Reached skill level 5 in Axes
  4438 | D:4      | Bought a blackened beryl amulet for 130 gold pieces
  4493 | D:4      | Found an opulent altar of Gozag.
  4494 | D:4      | Found a glowing silver altar of Zin.
  4601 | D:4      | Found a faded altar of an unknown god.
  4601 | D:4      | Found a deep blue altar of Sif Muna.
  4608 | D:4      | Found a hazy altar of Hepliaklqana.
  4610 | D:4      | Found a faded altar of an unknown god.
  4611 | D:4      | Found a radiant altar of Vehumet.
  4706 | D:5      | Entered Level 5 of the Dungeon
  4718 | D:5      | Reached skill level 5 in Armour
  4738 | D:5      | Reached XP level 8. HP: 46/70 MP: 7/7
  5138 | D:6      | Reached skill level 6 in Axes
  5138 | D:6      | Reached skill level 5 in Dodging
  5155 | D:6      | Found a bloodstained altar of Trog.
  5684 | D:6      | Reached skill level 7 in Axes
  5809 | D:6      | Reached skill level 8 in Axes
  6336 | D:6      | Reached XP level 9. HP: 78/78 MP: 8/8
  6344 | D:6      | Reached skill level 9 in Axes
  6622 | D:7      | Found Ijubynti's Assorted Antiques.
  6782 | D:7      | Found Vaebbax's Magic Scroll Emporium.
  6845 | D:7      | Found Qigol's Weapon Emporium.
  6885 | D:7      | Found Tittiad's Magic Scroll Boutique.
  7371 | D:8      | Noticed Grum
  7376 | D:8      | Reached skill level 10 in Axes
  7392 | D:8      | Killed Grum
  7779 | D:8      | Reached ***** piety under Trog
  8431 | D:8      | Found a snail-covered altar of Cheibriados.
  8452 | D:8      | Found an ancient bone altar of Kikubaaqudgha.
  8802 | D:8      | Reached XP level 10. HP: 90/90 MP: 9/9
  9221 | D:9      | Noticed a two-headed ogre
  9229 | D:9      | Killed a two-headed ogre
  9229 | D:9      | Reached skill level 11 in Axes
  9296 | D:9      | Noticed a four-headed hydra
  9336 | D:9      | Slain by a six-headed hydra

Skill      XL: |  1  2  3  4  5  6  7  8  9 10 |
---------------+-------------------------------+-----
Fighting       | 4 5 6 8 |  8.6
Maces & Flails | 4 5 |  5.1
Armour         | 3 4 5 6 8 |  8.6
Dodging        | 3 4 5 6 |  6.4
Axes           | 2 3 5 8 10 11 | 11.0
Stealth        | 1 |  1.8
Throwing       | |  0.1
Shields        | |  0.9

Action                   |  1- 3 |  4- 6 |  7- 9 | 10-12 || total
-------------------------+-------+-------+-------+-------++-------
Melee: Mace              |    72 |    35 |       |       ||   107
       Headbutt          |    12 |    19 |    46 |     4 ||    81
       War axe           |       |   109 |    77 |       ||   186
       Broad axe         |       |       |   205 |    13 ||   218
Throw: Javelin           |       |       |     2 |     1 ||     3
Invok: Berserk           |       |       |     1 |       ||     1
Evoke: Wand              |       |       |     1 |       ||     1
  Use: Potion            |       |     5 |     2 |     1 ||     8
       Scroll            |       |     7 |     6 |       ||    13
 Stab: Invisible         |       |     3 |       |       ||     3
  Eat: Chunk             |     2 |     6 |     6 |       ||    14
       Ration            |       |     1 |     3 |     1 ||     5
Armor: Ring mail         |    16 |       |       |       ||    16
       Scale mail        |    30 |    85 |    99 |     9 ||   223
       Skin              |       |    53 |       |     1 ||    54
Dodge: Dodged            |    53 |   152 |   261 |    12 ||   478
Block: Other             |       |       |    49 |       ||    49
       Reflection        |       |       |     3 |     2 ||     5
       Buckler           |       |       |     8 |     9 ||    17
